 Dungeon Crawl Stone Soup version 0.31-a0-240-gb923e448b6 (webtiles) character file.

Game seed: 10309753883656083937

51 qw the Shooter (level 3, 0/29 HPs)
             Began as a Minotaur Hexslinger on July 11, 2023.
             Slain by a goblin
             ... wielding a +0 dagger
              (1 damage)
             ... on level 2 of the Dungeon.
             The game lasted 00:00:23 (974 turns).

qw the Shooter (Minotaur Hexslinger)                 Turns: 974, Time: 00:00:24

Health: 0/29       AC:  2    Str: 12    XL:     3   Next: 58%
Magic:  3/3        EV: 12    Int: 10    God:
Gold:   50         SH:  0    Dex: 14    Spells: 3/4 levels left

rFire   . . .        Y - +1 sling
rCold   . . .        (no shield)
rNeg    . . .        c - +0 robe
rPois   .            (helmet restricted)
rElec   .            (no cloak)
rCorr   .            (no gloves)
SInv    .            (no boots)
Will    .....        (no amulet)
Stlth   +            (no ring)
HPRegen 0.24/turn    (no ring)
MPRegen 0.08/turn

%: no passive effects
@: no status effects
A: horns 2, retaliatory headbutt
a: no special abilities


You were on level 2 of the Dungeon.
You visited 1 branch of the dungeon, and saw 2 of its levels.

You collected 50 gold pieces.


Innate Abilities, Weirdness & Mutations

You have a pair of horns on your head.
You reflexively headbutt those who attack you in melee.


   Skills:
 - Level 2.0 Fighting
 + Level 4.1 Ranged Weapons
 - Level 2.1 Dodging
 - Level 1.0 Spellcasting
 - Level 2.0 Hexes


You had 3 spell levels left.
You knew the following spells:

 Your Spells              Type           Power      Damage    Failure   Level
a - Slow                  Hex            16%        N/A       16%         1

Your spell library contained the following spells:

 Spells                   Type           Power      Damage    Failure   Level
 Inner Flame              Hex/Fire       2%         N/A       56%         3
 Portal Projectile        Hex/Tloc       4%         N/A       56%         3
 Cause Fear               Hex            2%         N/A       83%         4

Inventory:

Hand Weapons
 Y - a +1 sling (weapon)
Armour
 c - a +0 robe (worn)
 g - a +0 ring mail
 h - a +0 cloak
Scrolls
 d - a scroll of enchant weapon {unknown}
 e - a scroll of brand weapon {unknown}
Potions
 a - a potion of might {unknown}
 b - a potion of haste {unknown}
 f - a potion of attraction {unknown}

Dungeon Overview and Level Annotations

Branches:
Dungeon (2/15)

Altars:

Annotations:
D:2 Ijyb


Message History

The goblin is moderately wounded.
You shoot a sling bullet.
The sling bullet barely misses the goblin.
Ijyb screams, "No!
No, no, no, no!"
You shoot a sling bullet. The sling bullet hits the goblin.
You kill the goblin!
The goblin hits you with a +0 club.
Ijyb screams, "No!
No, no, no, no!"
You shoot a sling bullet. The sling bullet hits the goblin.
You kill the goblin!
You shoot a sling bullet.
The sling bullet barely misses the goblin.
The goblin closely misses you.
You shoot a sling bullet. The sling bullet closely misses Ijyb.
The sling bullet misses the goblin.
The goblin hits you with a +0 dagger.
You shoot a sling bullet. The sling bullet barely misses Ijyb.
The goblin hits you with a +0 dagger.
Ijyb hits you with a +2 dagger of flaming.
Ijyb burns you. The goblin hits you with a +0 dagger.
You shoot a sling bullet. The sling bullet hits Ijyb.
Ijyb is lightly wounded.
Ijyb closely misses you. The goblin hits you with a +0 dagger.
The goblin barely misses you. The goblin hits you with a +0 dagger.
Ijyb closely misses you. You furiously retaliate!
You headbutt Ijyb! The goblin misses you.
You shoot a sling bullet. The sling bullet hits Ijyb.
Ijyb is severely wounded.
The goblin closely misses you. Ijyb closely misses you.
The goblin hits you with a +0 dagger.
You shoot a sling bullet.
The sling bullet hits Ijyb but does no damage.
Ijyb is severely wounded.
The goblin hits you with a +0 dagger.
Ijyb hits you with a +2 dagger of flaming.
Ijyb burns you. The goblin hits you with a +0 dagger.
You shoot a sling bullet. The sling bullet hits Ijyb.
Ijyb is severely wounded.
The goblin hits you with a +0 dagger.
You die...

###)...##
#8.....8##......#
#.).....##....#.###
#8.....8##.#.......
#...)...##.#.##.###
#8.....8##.#.##.#
#.###.......##.#'##.#
#....ggg....##......#
#@# ##..)..## ##.##
#...)...##
#####...####.........##
............'.........'.
######...####.........##
###...#####.......##
#.......# ##.....##
#.......#####...##
#............#+#


You could see Ijyb and 2 goblins.

Vanquished Creatures
  2 adders (D:2)
  3 endoplasms
  A giant cockroach (D:2)
  5 goblins (D:2)
  2 hobgoblins
  2 quokkas (D:1)
  A ball python (D:1)
  3 bats
  A frilled lizard (D:1)
  9 kobolds
29 creatures vanquished.

Notes
Turn   | Place    | Note
-------+----------+-------------------------------------------
     0 | D:1      | qw the Minotaur Hexslinger began the quest for the Orb.
     0 | D:1      | Reached XP level 1. HP: 16/16 MP: 1/1
     0 | D:1      | 0 ||| qw: Version: 0.3-a-52-g30416fa
     0 | D:1      | 0 ||| qw: Game counter: 6095
     0 | D:1      | 0 ||| qw: Melee chars always use a shield: true
     0 | D:1      | 0 ||| qw: God list: Okawaru
     0 | D:1      | 0 ||| qw: Allow faded altars: false
     0 | D:1      | 0 ||| qw: Do Orc after clearing Dungeon:15 true
     0 | D:1      | 0 ||| qw: Do second Lair branch before Depths: true
     0 | D:1      | 0 ||| qw: Lair rune preference: random
     0 | D:1      | 0 ||| qw: Goals: Normal
     0 | D:1      | 0 ||| PLANNING D:1-11
   105 | D:1      | Reached skill level 3 in Ranged Weapons
   112 | D:1      | Reached XP level 2. HP: 23/23 MP: 2/2
   133 | D:1      | Found a faded altar of an unknown god.
   589 | D:1      | 589 ||| READING scroll labelled SOMAENE ZAYXKI.
   590 | D:1      | 590 ||| READING 2 scrolls labelled XUISYT SOFUMUSM.
   591 | D:1      | 591 ||| READING scroll labelled GOAWEZ GAKO.
   595 | D:1      | 595 ||| DROPPING scroll of poison.
   596 | D:1      | 596 ||| DROPPING scroll of revelation.
   622 | D:2      | Reached XP level 3. HP: 25/29 MP: 3/3
   848 | D:2      | Reached skill level 4 in Ranged Weapons
   962 | D:2      | Noticed Ijyb
   973 | D:2      | HP: 6/29 [Ijyb/+2 dagger of flaming (3)]
   973 | D:2      | HP: 1/29 [goblin/+0 dagger (4)]
   974 | D:2      | Slain by a goblin

Levels and vault maps discovered:
D:1:      moated_graveyard_arrival, layout_rooms,
          hellmonk_ecumenical_altar_arch_garden, chequers_jeans,
          grunt_decor_clamped
D:2:      kennysheep_the_goblin_king, layout_loops_corners, uniq_jessica,
          uniq_sigmund

Skill      XL: |  1  2  3 |
---------------+----------+-----
Ranged Weapons | 3 4 |  4.1
Fighting       | 2 |  2.0
Dodging        | |  2.1
Spellcasting   | |  1.0
Hexes          | |  2.0

Action                     || total
---------------------------++-------
   Fire: Sling             ||   101
    Use: Scroll            ||     3
 Armour: Robe              ||     9
  Dodge: Dodged            ||    42

Table legend:
 A = Non-vault XP
 B = Vault XP
 C = Vault XP percentage of total XP
 D = Non-vault monster count
 E = Vault monster count
 F = Vault count percentage of total count
                 A         B        C        D         E       F
            +---------+---------+-------+---------+---------+-------
      Total |      66 |       8 |  10.8 |      25 |       4 |  13.8
            +---------+---------+-------+---------+---------+-------
        D:1 |      28 |       0 |   0.0 |      17 |       0 |   0.0
        D:2 |      38 |       8 |  17.4 |       8 |       4 |  33.3
            +---------+---------+-------+---------+---------+-------
